 Dungeon Crawl Stone Soup version 0.29.1-4-g47bece8355 (webtiles) character file.

Game seed: 16657088415612629127

2076 croobank the Caller (level 9, -7/66 HPs)
             Began as a Human Summoner on Dec 8, 2022.
             Was an Initiate of Gozag.
             Mangled by a boulder beetle (23 damage)
             ... on level 8 of the Dungeon.
             The game lasted 01:04:21 (10371 turns).

croobank the Caller (Human Summoner)               Turns: 10371, Time: 01:04:22

Health: -7/66      AC:  6    Str:  9    XL:     9   Next: 51%
Magic:  11/16      EV: 13    Int: 20    God:    Gozag
Gold:   694        SH:  0    Dex: 13    Spells: 9/18 levels left

rFire   . . .      SeeInvis .   A - +4 scimitar (freeze)
rCold   . . .      Faith    .   (no shield)
rNeg    . . .      Spirit   .   s - +2 leather armour {rPois}
rPois   +          Reflect  .   u - +0 helmet
rElec   .          Harm     .   (no cloak)
rCorr   .          Rampage  .   (no gloves)
Will    .....                   (no boots)
Stlth   ++........              (no amulet)
HPRegen 0.21/turn               (no ring)
MPRegen 0.15/turn               (no ring)

@: no status effects
A: no striking features
a: Renounce Religion, Potion Petition, Call Merchant, Bribe Branch


You were on level 8 of the Dungeon.
You worshipped Gozag.
Gozag was pleased with you.
You visited 2 branches of the dungeon, and saw 10 of its levels.

You collected 778 gold pieces.
You paid 84 gold pieces to Gozag.

Inventory:

Hand Weapons
 c - a +1 dagger
 g - a +0 morningstar
 r - a +0 long sword
 y - a +0 quarterstaff
 A - a +4 scimitar of freezing (weapon)
 B - a +3 hand axe of electrocution
Missiles
 f - 6 javelins (quivered)
Armour
 a - a +1 robe
 s - a +2 leather armour of poison resistance (worn)
 t - an orb of wrath
 u - a +0 helmet (worn)
Wands
 i - a wand of paralysis (13)
 o - a wand of polymorph (12)
 C - a wand of flame (35)
Scrolls
 e - 5 scrolls of identify
 h - 2 scrolls of enchant armour
 l - a scroll of amnesia
 n - 7 scrolls of teleportation
 x - a scroll of magic mapping {unknown}
 z - 2 scrolls of enchant weapon
Potions
 b - 4 potions of degeneration {unknown}
 d - 3 potions of curing
 j - a potion of ambrosia
 k - 3 potions of lignification
 m - 2 potions of brilliance {unknown}
 p - a potion of resistance {unknown}
 q - a potion of berserk rage {unknown}
 v - a potion of mutation {unknown}
 w - a potion of haste {unknown}


   Skills:
 * Level 4.7 Fighting
 + Level 3.3 Armour
 * Level 5.3 Dodging
 + Level 4.3 Stealth
 + Level 3.4 Shields
 * Level 5.0 Spellcasting
 * Level 6.4 Summonings


You had 9 spell levels left.
You knew the following spells:

 Your Spells              Type           Power      Damage    Failure   Level
a - Summon Small Mammal   Summ           100%       N/A       1%          1
b - Call Imp              Summ           30%        N/A       1%          2
c - Call Canine Familiar  Summ           30%        N/A       3%          3
d - Summon Guardian Gole  Hex/Summ       17%        N/A       13%         3

Your spell library contained the following spells:

 Spells                   Type           Power      Damage    Failure   Level
 Summon Lightning Spire   Summ/Air       17%        N/A       38%         4
 Portal Projectile        Hex/Tloc       10%        N/A       43%         3
 Tukima's Dance           Hex            5%         N/A       43%         3
 Blade Hands              Tmut           2%         N/A       99%         5


Dungeon Overview and Level Annotations

Branches:
Dungeon (9/15)             Temple (1/1) D:4
   Lair: D:8-11         Orc: D:9-12

Altars:
Ashenzari
Cheibriados
Dithmenos
Elyvilon
Fedhas
Gozag
Hepliaklqana
Makhleb
Okawaru
Trog
Vehumet
Xom
Yredelemnul
Zin
The Shining One

Shops:
D:1 [   D:2 [   D:4 (


Message History

Your hound bites the boulder beetle.
The boulder beetle hits your hound.
The boulder beetle stops rolling and uncurls.
Your hound bites the boulder beetle but does no damage.
You see here a scroll of enchant weapon.
As you read the scroll of enchant weapon, it crumbles to dust.
Your +2 scimitar of freezing glows red for a moment.
A vampire mosquito comes into view.
Your hound bites the boulder beetle but does no damage.
The boulder beetle barely misses your hound.
Your hound bites the boulder beetle.
As you read the scroll of enchant weapon, it crumbles to dust.
Your +3 scimitar of freezing glows red for a moment.
The boulder beetle bites your hound!!
Your hound dies!
Your hound's corpse disappears in a puff of smoke!
Your +4 scimitar of freezing glows with a cold blue light!
A - a +4 scimitar of freezing (weapon)
The boulder beetle curls into a ball and begins rolling!
Casting: Call Canine Familiar (dangerous; 3% risk of failure)
Confirm with . or Enter, or press ? or * to list all spells.
Your hound bites the boulder beetle but does no damage.
You see here a +0 pair of boots.
You hit the boulder beetle but do no damage.
The boulder beetle is lightly wounded.
Your hound bites the boulder beetle but does no damage.
The boulder beetle misses you.
The boulder beetle stops rolling and uncurls.
Your hound bites the boulder beetle but does no damage.
The boulder beetle bites you.
The vampire mosquito attacks as you move away!
The vampire mosquito closely misses you.
The vampire mosquito bites you!
* * * LOW HITPOINT WARNING * * *
The vampire mosquito draws strength from your injuries!
Your hound bites the boulder beetle but does no damage.
An ice beast comes into view.
The boulder beetle bites you!!
You die...
Your body crumbles into a pile of gold.

#.# # #.# # #.#
#$##### #.# ###.....#
#.#####.## #.#
#.##...#.####.#######
#.....###...h$.......
#....## ##.#B.###.###
##..## ##@y.# #.#.#
#.#.## #.##.# #.##.#
#.# #.#.# #.# #.# #..
... #.# ### #.# #.#
#Y. $


You could see a boulder beetle (ally target), a vampire mosquito, an ice beast
(wandering) and a friendly hound (summoned).

Vanquished Creatures
  A steam dragon (D:6)
  A sky beast (D:5)
  2 nameless horrors
  A bullfrog (D:6)
  A kobold brigand (D:6)
  A wight (D:7)
  3 orc wizards
  A gnoll (D:4)
  3 adders
  An ufetubus (D:3)
  7 orcs
  2 ball pythons
  A bat (D:1)
  An endoplasm (D:2)
  2 giant cockroaches (D:1)
  2 goblins (D:3)
  A hobgoblin (D:4)
  A kobold (D:1)
  A quokka (D:1)
  2 frilled lizards
35 creatures vanquished.

Vanquished Creatures (collateral kills)
  Menkaure (D:5)
  A sky beast (D:8)
  A black bear (D:7)
  An ogre (D:4)
  A bullfrog (D:6)
  5 scorpions
  3 wights (D:7)
  2 orc priests
  2 hounds
  2 gnoll boudas (D:4)
  2 iguanas (D:5)
  Terence (D:2)
  3 orc wizards
  9 gnolls
  2 adders
  A river rat (D:3)
  An ufetubus (D:7)
  A worm (D:2)
  2 dart slugs (D:1)
  17 orcs
  2 ball pythons
  2 bats
  A giant cockroach (D:3)
  5 goblins
  6 hobgoblins
  6 kobolds
  A quokka (D:5)
  3 frilled lizards
  10 rats
94 creatures vanquished.

Vanquished Creatures (others)
  A wight (D:7)
  A gnoll bouda (D:8)
  2 gnolls (D:8)
4 creatures vanquished.

Grand Total: 133 creatures vanquished

Notes
Turn   | Place    | Note
-------+----------+-------------------------------------------
     0 | D:1      | croobank the Human Summoner began the quest for the Orb.
     0 | D:1      | Reached XP level 1. HP: 13/13 MP: 3/3
    10 | D:1      | You fall into a shaft and drop 1 floor!
   350 | D:1      | Found a faded altar of an unknown god.
   484 | D:1      | Reached XP level 2. HP: 20/20 MP: 5/5
   487 | D:1      | Learned a level 2 spell: Call Imp
   996 | D:1      | Reached XP level 3. HP: 15/25 MP: 2/6
  1000 | D:1      | Learned a level 3 spell: Call Canine Familiar
  1347 | D:1      | Found Riohoez's Armour Boutique.
  2088 | D:2      | Reached skill level 1 in Shields
  2157 | D:2      | Noticed Terence
  2178 | D:2      | Killed Terence
  2179 | D:2      | Reached skill level 1 in Fighting
  2179 | D:2      | Reached XP level 4. HP: 24/32 MP: 4/7
  2511 | D:2      | Found Viq Luph's Antique Armour Shoppe.
  2518 | D:2      | Found a glowing golden altar of the Shining One.
  2829 | D:3      | Noticed a scorpion
  2830 | D:3      | Found a shadowy altar of Dithmenos.
  2862 | D:3      | Killed a scorpion
  2863 | D:3      | Reached skill level 1 in Armour
  2863 | D:3      | Reached XP level 5. HP: 37/37 MP: 1/8
  3402 | D:3      | Reached XP level 6. HP: 17/44 MP: 5/10
  3578 | D:3      | Noticed a nameless horror
  3609 | D:3      | Killed a nameless horror
  3893 | D:3      | Identified the +6 whip of Ruklis {flame, *Rage rPois rN+
                  | rCorr}
  4544 | D:4      | Found Lox Beur's Weapon Shop.
  4869 | D:4      | Found a bloodstained altar of Trog.
  5108 | D:4      | Noticed an ogre
  5117 | D:4      | Killed an ogre
  5118 | D:4      | Reached XP level 7. HP: 51/51 MP: 4/11
  5375 | D:4      | Reached skill level 5 in Summonings
  5454 | D:4      | Found a staircase to the Ecumenical Temple.
  5463 | Temple   | Entered the Ecumenical Temple
  5671 | Temple   | Became a worshipper of Gozag Ym Sagoz the Greedy
  6205 | D:5      | Entered Level 5 of the Dungeon
  6472 | D:5      | Reached XP level 8. HP: 54/58 MP: 6/13
  6839 | D:5      | Found a radiant altar of Vehumet.
  6870 | D:5      | Noticed Menkaure
  6880 | D:5      | Killed Menkaure
  7767 | D:6      | Learned a level 3 spell: Summon Guardian Golem
  7970 | D:6      | Reached XP level 9. HP: 57/65 MP: 13/15
  8226 | D:6      | Reached skill level 6 in Summonings
  9131 | D:6      | Reached skill level 5 in Dodging
  9594 | D:7      | Found a white marble altar of Elyvilon.
  9752 | D:7      | Found a blossoming altar of Fedhas.
 10151 | D:8      | Reached skill level 5 in Spellcasting
 10162 | D:8      | Noticed Maurice
 10163 | D:8      | Noticed Maurice
 10163 | D:8      | Maurice changed into Maurice the sky beast
 10173 | D:8      | Killed Maurice the sky beast
 10357 | D:8      | Noticed a boulder beetle
 10371 | D:8      | Mangled by a boulder beetle

Illustrated notes

Levels and vault maps discovered:
D:1:      sevenhm_arrival_forest_fort_large_2, layout_basic,
          ebering_ecumenical_altar_mist, serial_shops, shop_statue,
          serial_forest, infiniplex_forest_fountain,
          infiniplex_forest_straight_5, infiniplex_forest_clump_C,
          infiniplex_forest_lined_corner, infiniplex_forest_end_3,
          infiniplex_forest_lined_3, nicolae_eternal_life
D:2:      layout_loops_ring, basic_altar, serial_shops, shop, uniq_terence
D:3:      minmay_general_purpose_star, layout_basic,
          nicolae_dithmenos_through_a_glass_darkly, portal_sewer_entry_c,
          minmay_quantized
D:4:      layout_rooms, mainiacjoe_overflow_concentric_impassable,
          minmay_temple_entry_poolview, serial_shops,
          nicolae_shop_bloodbath_and_beyond, serial_rivers,
          chequers_serial_rivers_room_a, chequers_serial_rivers_large_a,
          chequers_serial_rivers_small_a, chequers_serial_rivers_large_b,
          chequers_serial_rivers_room_a
D:5:      layout_gridville, vehumet_crystals, corexii_corridor_pit,
          minmay_misc_feat_five, uniq_menkaure
D:6:      layout_basic, serial_co_window_serial, co_window_paths_a,
          co_window_paths_a, co_window_cross_1, co_window_paths_b,
          co_window_paths_a, co_window_unsneaky_path_e, co_window_paths_c,
          co_window_2corner, co_window_2corner, co_window_paths_d,
          glass_columns_c
D:7:      layout_rooms, nicolae_elyvilon_peaceful_grove,
          mainiacjoe_overflow_tiny_flanked
D:8:      layout_loops_ring, nicolae_uskayaw_dance_hall,
          nicolae_kikubaaqudgha_miasma_corner, kennysheep_generic_room_5,
          uniq_maurice
D:9:      layout_layer_cave, david_orc_2, gammafunk_ghost_wrathful_warriors
Temple:   nicolae_temple_two_arcs

Skill      XL: |  1  2  3  4  5  6  7  8  9 |
---------------+----------------------------+-----
Shields        | 1 2 3 |  3.4
Fighting       | 1 2 3 4 |  4.7
Armour         | 1 2 3 |  3.3
Dodging        | 3 4 5 |  5.3
Spellcasting   | 3 4 5 |  5.0
Stealth        | 3 4 |  4.3
Summonings     | 5 6 |  6.4

Action                   |  1- 3 |  4- 6 |  7- 9 || total
-------------------------+-------+-------+-------++-------
Melee: Dagger            |    27 |    74 |    37 ||   138
       Punch             |       |     2 |     3 ||     5
       Morningstar       |       |       |    33 ||    33
       Unarmed           |       |       |     7 ||     7
       Hand axe          |       |       |    31 ||    31
       Scimitar          |       |       |     3 ||     3
Throw: Javelin           |       |       |     3 ||     3
 Cast: Summon Small Mamm |    30 |    21 |    33 ||    84
       Call Imp          |    11 |    13 |    20 ||    44
       Call Canine Famil |     3 |    20 |    38 ||    61
       Summon Guardian G |       |       |     3 ||     3
Evoke: Wand              |       |     2 |     5 ||     7
  Use: Potion            |     1 |     2 |     1 ||     4
       Scroll            |       |    11 |     3 ||    14
 Stab: Sleeping          |     2 |     6 |     1 ||     9
       Distracted        |     1 |       |     1 ||     2
       Paralysed         |       |     2 |     7 ||     9
Armor: Robe              |     8 |     2 |       ||    10
       Leather armour    |       |    19 |    46 ||    65
Dodge: Dodged            |    23 |    48 |    88 ||   159
